TOP OF THE 1ST |
St Charles Sheens batting - Pitching for Los Angeles Bruins : LHP Ramiro Jiménez
|
Pitching: LHP Ramiro Jiménez
|
|
Batting: LHB Bob Ware
|
0-0: Foul Ball, location: 2F 0-1: Foul Ball, location: 2F 0-2: Ball 1-2: Ball 2-2: Foul Ball, location: 2F 2-2: Fly out, F9 (Flyball, 9M)
|
Batting: RHB Kel Pierce
|
0-0: Ball 1-0: Ground out 5-3 (Groundball, 5)
|
Batting: RHB Alfredo Rivera
|
0-0: Called Strike 0-1: Fly out, F3 (Popup, 3SF)
|
Top of the 1st over - 0 run(s), 0 hit(s), 0 error(s), 0 left on base; St Charles 0 - Los Angeles 0 |
BOTTOM OF THE 1ST |
Los Angeles Bruins batting - Pitching for St Charles Sheens : LHP Ben Moody
|
Pitching: LHP Ben Moody
|
|
Batting: SHB Ramón Lugo
|
0-0: Called Strike 0-1: Ball 1-1: Ball 2-1: Called Strike 2-2: Foul Ball, location: 2F 2-2: SINGLE (Line Drive, 56D)
|
Batting: RHB Tom Doherty
|
0-0: Fly out, F3 (Popup, 3SF)
|
Batting: LHB Richard Hunter
|
0-0: Foul Ball, location: 2F 0-1: Ball 1-1: Foul Ball, location: 2F 1-2: Foul Ball, location: 2F 1-2: Strikes out looking
|
Batting: RHB Rubén Calderón
|
0-0: Fly out, F8 (Flyball, 8RD)
|
Bottom of the 1st over - 0 run(s), 1 hit(s), 0 error(s), 1 left on base; St Charles 0 - Los Angeles 0 |
TOP OF THE 2ND |
St Charles Sheens batting - Pitching for Los Angeles Bruins : LHP Ramiro Jiménez
|
Batting: RHB Judson Backstrom
|
0-0: Swinging Strike 0-1: Foul Ball, location: 2F 0-2: Ball 1-2: Ground out 1-3 (Groundball, 25)
|
Batting: RHB Júlio Figueroa
|
0-0: Ball 1-0: Called Strike 1-1: Ball 2-1: Ball 3-1: Fly out, F8 (Flyball, 8RXD)
|
Batting: RHB Guo-xiu Choi
|
0-0: Ball 1-0: Bunted foul 1-1: Ball 2-1: Called Strike 2-2: Ball 3-2: Ground out 1-3 (Groundball, 13)
|
Top of the 2nd over - 0 run(s), 0 hit(s), 0 error(s), 0 left on base; St Charles 0 - Los Angeles 0 |
BOTTOM OF THE 2ND |
Los Angeles Bruins batting - Pitching for St Charles Sheens : LHP Ben Moody
|
Batting: RHB Morgan Gibbon
|
0-0: Ball 1-0: DOUBLE (Flyball, 8RXD)
|
Batting: LHB José Antonio Santiago
|
0-0: Called Strike 0-1: Swinging Strike 0-2: Ball 1-2: Strikes out swinging
|
Batting: RHB Brendan Vigors
|
0-0: Foul Ball, location: 2F 0-1: Swinging Strike 0-2: Ball 1-2: Strikes out looking
|
Batting: SHB Miguel González
|
0-0: Called Strike 0-1: Ball 1-1: Foul Ball, location: 2F 1-2: SINGLE (Line Drive, 56D) Morgan Gibbon to third
|
Batting: RHB Gregg Nelson
|
0-0: Ball 1-0: Ball 2-0: Ball 3-0: Base on Balls Miguel González to second
|
Batting: SHB Ramón Lugo
|
0-0: Ball Wild Pitch! Morgan Gibbon scores Miguel González to third Gregg Nelson to second 1-0: Called Strike 1-1: Ball 2-1: Ball 3-1: Foul Ball, location: 2F 3-2: Base on Balls
|
Batting: RHB Tom Doherty
|
0-0: Ball 1-0: Ball 2-0: DOUBLE (Groundball, 5L) Miguel González scores Gregg Nelson scores Ramón Lugo to third Runner from 3rd tries for Home, SAFE, no throw or cutoff
|
Batting: LHB Richard Hunter
|
0-0: Called Strike 0-1: Ball 1-1: Called Strike 1-2: Foul Ball, location: 2F 1-2: Strikes out swinging
|
Bottom of the 2nd over - 4 run(s), 3 hit(s), 0 error(s), 1 left on base; St Charles 0 - Los Angeles 4 |
TOP OF THE 3RD |
St Charles Sheens batting - Pitching for Los Angeles Bruins : LHP Ramiro Jiménez
|
Batting: LHB Marcos Cantú
|
0-0: Swinging Strike 0-1: Ground out 6-3 (Groundball, 6M)
|
Batting: RHB Max Rash
|
0-0: Fly out, F5 (Line Drive, 56)
|
Batting: LHB Gene Cooper
|
0-0: Ball 1-0: Ball 2-0: Ball 3-0: Base on Balls
|
Batting: LHB Bob Ware
|
0-0: Fly out, F8 (Flyball, 8LM)
|
Top of the 3rd over - 0 run(s), 0 hit(s), 0 error(s), 1 left on base; St Charles 0 - Los Angeles 4 |
BOTTOM OF THE 3RD |
Los Angeles Bruins batting - Pitching for St Charles Sheens : LHP Ben Moody
|
Batting: RHB Rubén Calderón
|
0-0: Called Strike 0-1: Foul Ball, location: 2F 0-2: Ball 1-2: Foul Ball, location: 2F 1-2: Ball 2-2: Ground out 6-3 (Groundball, 6M)
|
Batting: RHB Morgan Gibbon
|
0-0: Ball 1-0: Foul Ball, location: 2F 1-1: Ball 2-1: Ball 3-1: Foul Ball, location: 2F 3-2: Base on Balls
|
Batting: LHB José Antonio Santiago
|
0-0: Ball 1-0: Foul Ball, location: 2F 1-1: Called Strike 1-2: Ball 2-2: Strikes out swinging
|
Batting: RHB Brendan Vigors
|
0-0: Ball 1-0: Fly out, F6 (Line Drive, 6MD)
|
Bottom of the 3rd over - 0 run(s), 0 hit(s), 0 error(s), 1 left on base; St Charles 0 - Los Angeles 4 |
TOP OF THE 4TH |
St Charles Sheens batting - Pitching for Los Angeles Bruins : LHP Ramiro Jiménez
|
Batting: RHB Kel Pierce
|
0-0: Ball 1-0: Called Strike 1-1: SINGLE (Line Drive, 8LS)
|
Batting: RHB Alfredo Rivera
|
0-0: SINGLE (Line Drive, 89S) Kel Pierce to second
|
Batting: RHB Judson Backstrom
|
0-0: Ball 1-0: Ball 2-0: Called Strike Kel Pierce steals 3rd base Alfredo Rivera to second 2-1: Ball 3-1: Ground out 6-3 (Groundball, 6) Kel Pierce scores Alfredo Rivera to third
|
Batting: RHB Júlio Figueroa
|
0-0: Ball 1-0: Called Strike 1-1: Swinging Strike 1-2: Fly out, F9 (Flyball, 89S) Runner from 3rd tags up, OUT at HOME
|
Top of the 4th over - 1 run(s), 2 hit(s), 0 error(s), 0 left on base; St Charles 1 - Los Angeles 4 |
BOTTOM OF THE 4TH |
Los Angeles Bruins batting - Pitching for St Charles Sheens : LHP Ben Moody
|
Batting: SHB Miguel González
|
0-0: Fly out, F8 (Flyball, 8LXD)
|
Batting: RHB Gregg Nelson
|
0-0: Foul Ball, location: 2F 0-1: Swinging Strike 0-2: Strikes out looking
|
Batting: SHB Ramón Lugo
|
0-0: Foul Ball, location: 2F 0-1: Ball 1-1: Foul Ball, location: 2F 1-2: Foul Ball, location: 2F 1-2: Foul Ball, location: 2F 1-2: Foul Ball, location: 2F 1-2: Foul Ball, location: 2F 1-2: Ball 2-2: Ball 3-2: Foul Ball, location: 2F 3-2: Foul Ball, location: 2F 3-2: SINGLE (Groundball, 4D)
|
Batting: RHB Tom Doherty
|
0-0: Ball 1-0: Called Strike 1-1: 2-RUN HOME RUN (Flyball, 7D), Distance : 402 ft
|
Batting: LHB Richard Hunter
|
0-0: Ball 1-0: SINGLE (Groundball, 56D)
|
Batting: RHB Rubén Calderón
|
0-0: Called Strike 0-1: Ball 1-1: Foul Ball, location: 2F 1-2: Ground out 4-3 (Groundball, 13)
|
Bottom of the 4th over - 2 run(s), 3 hit(s), 0 error(s), 1 left on base; St Charles 1 - Los Angeles 6 |
TOP OF THE 5TH |
St Charles Sheens batting - Pitching for Los Angeles Bruins : LHP Ramiro Jiménez
|
Batting: RHB Guo-xiu Choi
|
0-0: Ball 1-0: Ball 2-0: Foul Ball, location: 2F 2-1: SINGLE (Line Drive, 4D)
|
Batting: LHB Marcos Cantú
|
0-0: Swinging Strike 0-1: Foul Ball, location: 2F 0-2: Ball 1-2: Foul Ball, location: 2F 1-2: Strikes out looking
|
Batting: RHB Max Rash
|
0-0: Called Strike 0-1: Foul Ball, location: 2F 0-2: Foul Ball, location: 2F 0-2: Foul Ball, location: 2F 0-2: Fly out, F9 (Popup, 4D)
|
Batting: LHB Gene Cooper
|
0-0: Called Strike 0-1: Swinging Strike 0-2: Ball 1-2: Foul Ball, location: 2F 1-2: Ball 2-2: Strikes out swinging
|
Top of the 5th over - 0 run(s), 1 hit(s), 0 error(s), 1 left on base; St Charles 1 - Los Angeles 6 |
BOTTOM OF THE 5TH |
Los Angeles Bruins batting - Pitching for St Charles Sheens : LHP Ben Moody
|
Batting: RHB Morgan Gibbon
|
0-0: Called Strike 0-1: Fly out, F9 (Line Drive, 89XD)
|
Batting: LHB José Antonio Santiago
|
0-0: Ball 1-0: Called Strike 1-1: DOUBLE (Line Drive, 9D)
|
Batting: RHB Brendan Vigors
|
0-0: Called Strike 0-1: Ball 1-1: Ball 2-1: Ball 3-1: Foul Ball, location: 2F 3-2: Fly out, F7 (Flyball, 78S)
|
Batting: SHB Miguel González
|
0-0: Ball 1-0: Ball 2-0: Swinging Strike 2-1: Swinging Strike 2-2: Ball 3-2: Ground out U3 (Groundball, 3)
|
Bottom of the 5th over - 0 run(s), 1 hit(s), 0 error(s), 1 left on base; St Charles 1 - Los Angeles 6 |
TOP OF THE 6TH |
St Charles Sheens batting - Pitching for Los Angeles Bruins : LHP Ramiro Jiménez
|
Batting: LHB Bob Ware
|
0-0: Called Strike 0-1: Ground out 6-3 (Groundball, 6M)
|
Batting: RHB Kel Pierce
|
0-0: Called Strike 0-1: Swinging Strike 0-2: Strikes out looking
|
Batting: RHB Alfredo Rivera
|
0-0: SINGLE (Line Drive, 6MD)
|
Batting: RHB Judson Backstrom
|
0-0: Ball 1-0: Foul Ball, location: 2F 1-1: Foul Ball, location: 2F 1-2: Ground out 4-3 (Groundball, 4)
|
Top of the 6th over - 0 run(s), 1 hit(s), 0 error(s), 1 left on base; St Charles 1 - Los Angeles 6 |
BOTTOM OF THE 6TH |
Los Angeles Bruins batting - Pitching for St Charles Sheens : LHP Ben Moody
|
Pitching: LHP Jack Taylor
|
|
Batting: RHB Gregg Nelson
|
0-0: Foul Ball, location: 2F 0-1: Foul Ball, location: 2F 0-2: DOUBLE (Line Drive, 7LD)
|
Batting: SHB Ramón Lugo
|
0-0: Foul Ball, location: 2F 0-1: Swinging Strike 0-2: Ball 1-2: Strikes out looking
|
Batting: RHB Tom Doherty
|
0-0: Ball 1-0: Ground out 4-3 (Groundball, 4) Gregg Nelson to third
|
Batting: LHB Richard Hunter
|
0-0: Ball 1-0: Fly out, F7 (Flyball, 7LM)
|
Bottom of the 6th over - 0 run(s), 1 hit(s), 0 error(s), 1 left on base; St Charles 1 - Los Angeles 6 |
TOP OF THE 7TH |
St Charles Sheens batting - Pitching for Los Angeles Bruins : LHP Ramiro Jiménez
|
Batting: RHB Júlio Figueroa
|
0-0: Called Strike 0-1: Ball 1-1: Called Strike 1-2: Fly out, F9 (Line Drive, 9S)
|
Batting: RHB Guo-xiu Choi
|
0-0: Called Strike 0-1: Ball 1-1: Foul Ball, location: 2F 1-2: DOUBLE (Flyball, 8RXD)
|
Batting: LHB Marcos Cantú
|
0-0: Ball 1-0: Called Strike 1-1: Foul Ball, location: 2F 1-2: Strikes out swinging
|
Batting: RHB Max Rash
|
0-0: Called Strike 0-1: Ball 1-1: Ball 2-1: Foul Ball, location: 2F 2-2: Foul Ball, location: 2F 2-2: 2-RUN HOME RUN (Flyball, 7D), Distance : 397 ft
|
Batting: LHB Gene Cooper
|
0-0: Ball 1-0: Foul Ball, location: 2F 1-1: Foul Ball, location: 2F 1-2: Fly out, F9 (Flyball, 9D)
|
Top of the 7th over - 2 run(s), 2 hit(s), 0 error(s), 0 left on base; St Charles 3 - Los Angeles 6 |
BOTTOM OF THE 7TH |
Los Angeles Bruins batting - Pitching for St Charles Sheens : LHP Jack Taylor
|
Batting: RHB Rubén Calderón
|
0-0: Ball 1-0: SOLO HOME RUN (Flyball, 78XD), Distance : 391 ft
|
Batting: RHB Morgan Gibbon
|
0-0: Ball 1-0: Foul Ball, location: 2F 1-1: Foul Ball, location: 2F 1-2: Fly out, F9 (Flyball, 9M)
|
Batting: LHB José Antonio Santiago
|
0-0: Ball 1-0: Called Strike 1-1: Called Strike 1-2: Foul Ball, location: 2F 1-2: Ground out 3-1 (Groundball, 34S)
|
Batting: RHB Brendan Vigors
|
0-0: Ground out 4-3 (Groundball, 34)
|
Bottom of the 7th over - 1 run(s), 1 hit(s), 0 error(s), 0 left on base; St Charles 3 - Los Angeles 7 |
TOP OF THE 8TH |
St Charles Sheens batting - Pitching for Los Angeles Bruins : LHP Ramiro Jiménez
|
Batting: LHB Bob Ware
|
0-0: Ball 1-0: SINGLE (Groundball, 4M)
|
Batting: RHB Kel Pierce
|
0-0: Ball 1-0: Ball 2-0: Foul Ball, location: 2F 2-1: Fly out, F8 (Flyball, 8RXD)
|
Batting: RHB Alfredo Rivera
|
0-0: Called Strike 0-1: Ball 1-1: Called Strike 1-2: Strikes out swinging
|
Batting: RHB Judson Backstrom
|
0-0: Ball 1-0: Called Strike 1-1: Ball 2-1: Foul Ball, location: 2F 2-2: Ball 3-2: Fly out, F8 (Flyball, 8LD)
|
Top of the 8th over - 0 run(s), 1 hit(s), 0 error(s), 1 left on base; St Charles 3 - Los Angeles 7 |
BOTTOM OF THE 8TH |
Los Angeles Bruins batting - Pitching for St Charles Sheens : LHP Jack Taylor
|
Pitching: LHP Rubén Martínez
|
|
Batting: SHB Miguel González
|
0-0: Called Strike 0-1: Ground out 4-3 (Groundball, 4)
|
Batting: RHB Gregg Nelson
|
0-0: Called Strike 0-1: Ball 1-1: Called Strike 1-2: Foul Ball, location: 2F 1-2: Ball 2-2: Strikes out swinging passed ball, reaches first!
|
Batting: SHB Ramón Lugo
|
0-0: Ball 1-0: Foul Ball, location: 2F 1-1: Ball 2-1: Called Strike 2-2: Ball 3-2: Grounds into double play, 5-4-3 (Groundball, 5)
|
Bottom of the 8th over - 0 run(s), 0 hit(s), 0 error(s), 0 left on base; St Charles 3 - Los Angeles 7 |
TOP OF THE 9TH |
St Charles Sheens batting - Pitching for Los Angeles Bruins : LHP Ramiro Jiménez
|
Batting: RHB Júlio Figueroa
|
0-0: Called Strike 0-1: Ball 1-1: Called Strike 1-2: Ball 2-2: Foul Ball, location: 2F 2-2: Fly out, F7 (Flyball, 7LSF)
|
Pitching: RHP Mike Fisher
|
|
Batting: RHB Guo-xiu Choi
|
0-0: Swinging Strike 0-1: Bunted foul 0-2: Strikes out swinging
|
Batting: LHB Marcos Cantú
|
0-0: Called Strike 0-1: Ground out U3 (Groundball, 3L)
|
Top of the 9th over - 0 run(s), 0 hit(s), 0 error(s), 0 left on base; St Charles 3 - Los Angeles 7 |
|